Map: [ESL] Amphion

Players

Oliveira - Winner!

  • Race: Terran Terran
  • Spawn Location: 11:00

Classic

  • Race: Protoss Protoss
  • Spawn Location: 7:00

Event: ESL Spring 2024 Finals

VOD

Have the link to the VOD?

Description

Time

  • Played on: May 31, 2024, 11 a.m.
  • Length: 10:30

All games in this series

Show
View Real Time Build Order
Export as new Build Order

Oliveira Terran - Winner!

Build Orders: Cyclone Opening, Reaper Expand 

Get SALT Encoding   

  12  0:00  SCV  
  13  0:12  SCV  
  14  0:17  Supply Depot  
  14  0:24  SCV  
  15  0:39  SCV  
  15  0:41  Barracks  
  16  0:45  Refinery  
  16  0:51  SCV  
  17  1:03  SCV  
  18  1:15  SCV  
  19  1:28  Orbital Command, Reaper  
  20  1:42  Command Center  
  20  1:52  Supply Depot  
  20  1:53  SCV  
  21  2:00  Marine  
  22  2:06  SCV  
  23  2:12  Factory  
  23  2:18  SCV, Marine  
  25  2:30  SCV  
  25  2:35  Marine  
  27  2:42  SCV  
  28  2:54  Orbital Command  
  28  2:55  Cyclone  
  28  2:57  Barracks Reactor  
  28  2:58  SCV  
  30  3:07  Command Center  
  30  3:10  SCV  
  31  3:15  Barracks  
  31  3:19  SCV  
  32  3:22  SCV  
  32  3:24  Refinery  
  33  3:27  Factory Tech Lab  
  33  3:31  SCV  
  33  3:34  SCV, Marine x2  
  37  3:41  Barracks  
  37  3:43  Supply Depot  
  37  3:44  SCV  
  37  3:46  SCV  
  39  3:51  Siege Tank  
  39  3:53  Marine  
  39  3:54  Marine  
  44  3:58  SCV  
  44  4:01  Bunker  
  45  4:02  Barracks Tech Lab  
  45  4:04  SCV  
  46  4:10  SCV  
  46  4:11  Marine  
  46  4:12  Marine  
  46  4:16  SCV  
  50  4:19  Orbital Command  
  50  4:22  SCV, Stimpack  
  51  4:29  SCV  
  52  4:33  Engineering Bay  
  52  4:34  SCV  
  52  4:35  Combat Shield  
  52  4:36  Refinery  
  52  4:37  Marine  
  54  4:39  Marine x2  
  54  4:41  Marine  
  54  4:43  SCV  
  57  4:45  SCV  
  57  4:46  SCV  
  59  4:53  Starport, Factory Reactor  
  59  4:55  SCV  
  59  4:56  Marine  
  59  4:57  SCV  
  59  4:59  Supply Depot  
  62  5:00  SCV  
  62  5:02  Marine  
  64  5:07  SCV, Marine x2  
  64  5:08  Terran Infantry Weapons Level 1  
  64  5:11  SCV  
  64  5:14  SCV  
  69  5:17  Supply Depot  
  69  5:19  Refinery  
  69  5:20  Supply Depot, Marine  
  70  5:22  SCV, Marine  
  70  5:26  Marauder  
  70  5:28  SCV  
  75  5:29  Marauder  
  77  5:38  Medivac  
  77  5:39  Medivac  
  77  5:40  SCV  
  77  5:41  Supply Depot  
  77  5:42  SCV  
  84  5:43  Marine  
  84  5:44  Marine  
  84  5:48  Supply Depot  
  84  5:49  Factory Tech Lab  
  85  5:50  Marauder  
  85  5:52  SCV  
  89  6:02  Concussive Shells, SCV  
  89  6:04  Barracks x2  
  88  6:05  Marauder  
  90  6:13  Medivac  
  90  6:14  Medivac  
  90  6:15  SCV  
  90  6:16  Marauder  
  90  6:18  Marine x2  
  97  6:20  SCV  
  97  6:24  Supply Depot  
  98  6:25  Orbital Command  
  98  6:27  Marauder  
  98  6:28  SCV  
  98  6:32  SCV  
  98  6:38  Marine x2  
  98  6:39  Marauder  
  103  6:41  SCV  
  103  6:43  Siege Tank  
  103  6:45  SCV  
  108  6:50  Marine  
  108  6:52  SCV  
  108  6:53  SCV  
  111  6:56  Marine x2  
  111  6:58  Barracks Tech Lab, Barracks Reactor  
  111  7:00  Marauder  
  115  7:02  Supply Depot  
  115  7:03  SCV  
  115  7:05  Supply Depot  
  115  7:06  SCV  
  115  7:08  Terran Infantry Armor Level 1  
  117  7:17  Marine  
  117  7:24  Marauder  
  117  7:27  Marine, Marauder  
  117  7:28  SCV  
  117  7:29  SCV  
  117  7:33  Marine  
  117  7:35  Siege Tank, Marine  
  116  7:39  Marine x2  
  113  7:45  SCV, Marine, Marauder  
  113  7:47  SCV x2  
  113  7:48  Viking  
  113  7:49  Marauder  
  113  7:51  Marine, Viking  
  118  7:53  Marine, Ghost Academy  
  118  7:55  Supply Depot x2  
  118  7:57  SCV  
  120  7:58  Marine  
  120  8:04  Marine x2  
  123  8:07  Siege Tank  
  123  8:08  SCV  
  123  8:11  Marine  
  131  8:13  SCV  
  131  8:18  Refinery, Viking  
  131  8:19  SCV  
  135  8:20  Supply Depot, Refinery  
  135  8:22  Viking  
  135  8:27  Ghost x2  
  129  8:28  Marine x2  
  129  8:29  SCV x2  
  129  8:31  Supply Depot  
  129  8:33  Ghost  
  136  8:34  Marine  
  136  8:37  SCV  
  137  8:41  SCV  
  137  8:46  Siege Tank  
  137  8:47  Marine  
  137  8:48  Viking  
  142  8:49  Missile Turret  
  142  8:50  Supply Depot  
  142  8:53  Marine  
  145  8:56  Marauder x2  
  145  8:57  Viking  
  145  8:59  Marine  
  152  9:06  Marauder  
  153  9:12  Marine  
  153  9:13  Marine  
  153  9:14  SCV  
  156  9:17  Marauder  
  156  9:19  Supply Depot  
  156  9:23  Supply Depot  
  158  9:25  Command Center  
  158  9:26  Engineering Bay, Armory  
  158  9:27  Marine x2  
  158  9:28  Marauder  
  162  9:31  Marine x3  
  162  9:36  Medivac x2  
  162  9:52  Marine x2, Marauder  
  134  10:00  Marine  
  134  10:03  Marine x2  
  134  10:04  Marauder  
  126  10:09  SCV  
  126  10:10  SCV  
  126  10:11  SCV, Marine  
  131  10:24  Barracks  
  131  10:25  Barracks  
  134  10:28  Barracks  
Show
View Real Time Build Order
Export as new Build Order

Classic Protoss 

Build Orders: 1 Gate Expand, Blink Stalkers, Colossus Rush 

Get SALT Encoding   

  12  0:00  Probe  
  13  0:12  Probe  
  14  0:18  Pylon  
  14  0:24  Probe (Chrono Boost)  
  15  0:36  Probe (Chrono Boost)  
  15  0:37  Gateway  
  16  0:44  Probe (Chrono Boost)  
  16  0:46  Assimilator  
  17  0:50  Probe  
  18  1:03  Probe  
  19  1:15  Probe  
  20  1:23  Cybernetics Core  
  20  1:33  Nexus  
  20  1:40  Pylon  
  20  1:43  Probe  
  21  1:47  Assimilator  
  21  1:55  Probe  
  21  1:57  Adept (Chrono Boost)  
  21  2:01  Warp Gate  
  24  2:07  Probe  
  25  2:17  Twilight Council  
  25  2:19  Probe  
  26  2:26  Stalker  
  28  2:31  Probe  
  29  2:43  Probe (Chrono Boost)  
  30  2:45  Probe (Chrono Boost)  
  31  2:54  Probe x2 (Chrono Boost)  
  31  2:56  Stalker  
  35  2:59  Probe (Chrono Boost)  
  35  3:01  Blink (Chrono Boost)  
  35  3:04  Probe  
  35  3:11  Probe  
  36  3:15  Gateway  
  36  3:16  Probe  
  37  3:23  Probe  
  37  3:26  Robotics Facility  
  38  3:29  Probe  
  39  3:35  Probe  
  39  3:37  Gateway  
  40  3:43  Pylon, Probe  
  40  3:47  Probe  
  40  3:48  Assimilator  
  42  3:50  Stalker  
  42  3:55  Probe  
  45  3:59  Probe, Pylon  
  45  4:02  Assimilator  
  46  4:07  Probe  
  47  4:11  Probe  
  47  4:13  Observer (Chrono Boost)  
  47  4:15  Stalker x2  
  53  4:19  Probe  
  54  4:25  Observer (Chrono Boost)  
  54  4:28  Probe  
  54  4:31  Probe, Pylon  
  56  4:32  Stalker  
  59  4:45  Robotics Bay  
  59  4:47  Immortal (Chrono Boost)  
  63  4:54  Pylon  
  63  4:59  Nexus  
  63  5:01  Probe x2  
  65  5:08  Shield Battery  
  64  5:15  Zealot, Sentry x2  
  64  5:16  Probe x2  
  64  5:18  Pylon  
  72  5:32  Colossus (Chrono Boost)  
  72  5:35  Observer  
  78  5:36  Probe x2  
  78  5:37  Pylon  
  80  5:45  Extended Thermal Lance  
  80  5:48  Probe x2  
  82  5:50  Observer  
  82  5:52  Forge  
  82  5:55  Gateway  
  82  5:56  Charge  
  82  6:03  Probe x2  
  84  6:09  Gateway  
  84  6:10  Gateway, Colossus (Chrono Boost)  
  84  6:13  Probe (Chrono Boost)  
  84  6:18  Probe x2 (Chrono Boost)  
  87  6:25  Probe (Chrono Boost)  
  94  6:32  Probe x2 (Chrono Boost)  
  96  6:35  Probe (Chrono Boost)  
  96  6:37  Pylon  
  96  6:39  Stalker x2  
  92  6:40  Probe x2  
  92  6:41  Observer  
  92  6:42  Stalker  
  95  6:47  Assimilator  
  95  6:50  Assimilator, Probe  
  95  6:52  Shield Battery, Probe, Pylon  
  97  6:56  Warp Prism (Chrono Boost)  
  99  7:10  Stalker  
  99  7:11  Stalker x3  
  107  7:16  Stalker x2  
  103  7:29  Probe x2  
  104  7:36  Zealot x4  
  113  7:40  Zealot x2  
  113  7:41  Probe  
  112  7:47  Pylon  
  106  7:51  Nexus  
  106  7:54  Pylon  
  106  8:09  Stalker x3  
  110  8:17  Probe x2  
  112  8:29  Templar Archives, Probe x2  
  112  8:30  Pylon  
  114  8:34  Observer, Pylon  
  116  8:41  Probe x2 (Chrono Boost)  
  116  8:47  Psionic Storm  
  116  8:51  Probe x2 (Chrono Boost)  
  116  8:54  Immortal  
  122  8:56  Probe x2 (Chrono Boost)  
  122  9:00  Forge x2  
  124  9:07  Probe x2  
  124  9:13  High Templar x3  
  124  9:19  Probe x2  
  124  9:21  High Templar  
  124  9:22  Zealot x2  
  132  9:26  Shield Battery  
  132  9:27  Pylon  
  132  9:31  Probe  
  132  9:33  Shield Battery  
  133  9:42  Gateway  
  133  9:43  Gateway  
  131  9:49  Zealot x2  
  131  9:50  Zealot x3  
  131  9:52  Archon  
  119  9:53  Archon  
  119  9:55  Zealot  
  79  10:10  Zealot x4  
  79  10:11  Zealot  
  75  10:18  Zealot  
Tags
 
Add a new tag
Caveats
  • Supply blocks, unpowered buildings, or Contaminate may cause inaccurate times.
  • Supply counts are checked every 10 seconds.